Map: Thunderbird LE

Players

Mez

  • Race: Terran Terran
  • League: Master
  • Spawn Location: 5:00

DoctorWho - Winner!

  • Race: Protoss Protoss
  • League: Master
  • Spawn Location: 11:00

VOD

Have the link to the VOD?

Description

Time

  • Played on: Aug. 28, 2019, 9:03 p.m.
  • Length: 14:08
Show
View Real Time Build Order
Export as new Build Order

Mez Terran 

Build Orders: Reaper Expand 

Get SALT Encoding   

  12  0:00  SCV  
  13  0:13  SCV  
  14  0:17  Supply Depot  
  14  0:26  SCV  
  15  0:38  SCV  
  15  0:41  Barracks  
  16  0:43  Refinery  
  16  0:50  SCV  
  17  1:02  SCV  
  18  1:14  SCV  
  19  1:29  Orbital Command  
  19  1:35  Reaper  
  20  1:48  Command Center  
  20  1:57  SCV  
  21  2:03  Supply Depot  
  21  2:05  Bunker  
  21  2:07  Marine  
  22  2:13  SCV  
  23  2:26  Barracks Reactor  
  23  2:36  Command Center  
  23  2:42  Factory, SCV  
  24  2:54  SCV  
  24  2:58  Refinery  
  25  3:01  Orbital Command  
  25  3:02  Marine  
  25  3:03  Marine  
  27  3:11  SCV  
  28  3:22  Marine x2  
  28  3:23  SCV  
  31  3:29  Widow Mine  
  31  3:30  Starport  
  31  3:33  SCV  
  34  3:35  SCV  
  34  3:40  Marine x2  
  37  3:45  SCV  
  37  3:47  SCV  
  39  3:50  Orbital Command  
  39  3:51  Factory Tech Lab  
  39  3:58  SCV  
  37  4:11  Siege Tank, Starport Tech Lab  
  37  4:12  Marine x2  
  37  4:14  SCV x2  
  44  4:18  Refinery  
  44  4:20  Supply Depot  
  44  4:27  Barracks, SCV  
  44  4:28  SCV  
  46  4:33  Raven  
  46  4:35  SCV  
  49  4:40  SCV  
  49  4:44  Marine x2  
  52  4:53  Orbital Command, Siege Tank  
  52  4:54  Barracks, SCV x2  
  52  4:57  Supply Depot  
  58  5:06  SCV x2  
  59  5:11  Refinery  
  59  5:12  Marine x2  
  61  5:18  SCV x2  
  63  5:21  SCV  
  64  5:30  SCV x2  
  64  5:32  Supply Depot  
  64  5:33  Starport Reactor  
  64  5:34  Supply Depot  
  66  5:35  Stimpack  
  66  5:36  Marine x2, Engineering Bay  
  66  5:37  Marauder, SCV, Engineering Bay  
  66  5:42  SCV  
  72  5:47  SCV  
  72  5:49  Barracks x2, SCV  
  72  5:57  Marauder, Marine x2  
  72  5:58  Marauder  
  79  6:04  SCV x3  
  79  6:10  Medivac x2  
  85  6:12  Combat Shield  
  85  6:18  SCV x3  
  88  6:22  Terran Infantry Weapons Level 1  
  88  6:24  Terran Infantry Armor Level 1  
  88  6:30  Supply Depot, SCV  
  89  6:35  SCV  
  89  6:36  SCV  
  91  6:42  SCV  
  91  6:43  Barracks Tech Lab, Barracks Reactor  
  92  6:49  Refinery, SCV  
  92  6:52  Marauder, Medivac x2, SCV  
  92  6:54  Supply Depot, SCV  
  100  6:55  Supply Depot  
  101  7:12  Supply Depot  
  101  7:14  Supply Depot x2  
  101  7:15  Marauder x3, SCV x2  
  109  7:16  SCV, Marine x2  
  109  7:19  Armory  
  112  7:22  Refinery  
  112  7:23  Marine x2  
  112  7:26  Medivac  
  112  7:27  SCV  
  112  7:29  Ghost Academy  
  117  7:34  Medivac, SCV  
  120  7:39  Marauder x3, Marine x2  
  120  7:43  Concussive Shells  
  120  7:44  SCV, Marine x2  
  129  7:45  SCV  
  129  7:46  SCV  
  133  7:56  Marine, SCV  
  135  7:58  SCV x2  
  137  8:06  Supply Depot  
  137  8:07  Supply Depot  
  137  8:08  Supply Depot, Ghost x2  
  141  8:27  Ghost  
  141  8:28  Medivac x2, SCV, Marine x2  
  150  8:37  Marauder  
  150  8:41  Marauder, Marine x2  
  151  8:47  Supply Depot x2, Command Center, Marine x2  
  153  8:48  Supply Depot  
  152  8:57  Marauder  
  153  9:03  Marine x2  
  153  9:04  Marauder x2  
  153  9:05  Marine  
  153  9:06  Enhanced Shockwaves  
  160  9:10  Barracks  
  160  9:11  Barracks  
  160  9:12  Barracks  
  160  9:21  Medivac x2  
  164  9:29  Supply Depot x2, Marine x3, Marauder x3  
  173  9:58  Marine  
  173  9:59  Barracks Tech Lab x3, Marauder x3, Marine x2  
  180  10:06  Marine  
  178  10:10  Medivac x2  
  165  10:17  Starport x2  
  165  10:19  Fusion Core  
  165  10:20  Marauder x3  
  149  10:26  Marauder, Marine x3  
  149  10:27  Marauder x2  
  150  10:32  Liberator  
  150  10:33  Liberator  
  140  10:41  Marauder  
  127  10:55  Starport Reactor  
  127  10:56  Starport Tech Lab  
  129  10:58  Ghost x4  
  129  10:59  Ghost  
  136  11:14  Marauder, Marine x2  
  136  11:15  Marine x2  
  142  11:27  Marauder, Marine x2  
  142  11:28  Marauder  
  142  11:30  Terran Infantry Armor Level 2, Terran Infantry Weapons Level 2  
  142  11:31  Terran Ship Weapons Level 1  
  148  11:49  Advanced Ballistics  
  148  11:51  Viking x4  
  156  11:58  Marauder x3  
  162  12:07  Liberator x3  
  141  12:14  Planetary Fortress  
  133  12:16  SCV x2  
  133  12:17  SCV  
  133  12:27  Refinery  
  145  12:33  Refinery  
  142  12:40  Marauder  
  142  12:41  Marauder x4, Marine x3  
  142  12:42  Marauder, Marine  
  158  12:56  Command Center  
  158  13:02  Marauder x2  
  156  13:13  Missile Turret x2  
  156  13:14  Sensor Tower  
  156  13:17  Ghost  
  156  13:18  Sensor Tower, Ghost x2  
  119  13:40  Marauder, Marine x5  
  119  13:41  Marauder  
  100  13:46  Marine  
  100  13:47  Marauder  
Show
View Real Time Build Order
Export as new Build Order

DoctorWho Protoss - Winner!

Build Orders: 1 Gate Expand, Chargelot Immortal 

Get SALT Encoding   

  12  0:01  Probe  
  13  0:13  Probe  
  14  0:17  Pylon  
  14  0:25  Probe  
  15  0:33  Probe  
  15  0:41  Gateway, Probe  
  16  0:49  Assimilator  
  17  0:51  Probe  
  18  1:03  Probe  
  19  1:15  Probe  
  20  1:24  Nexus  
  20  1:33  Cybernetics Core  
  20  1:36  Probe  
  21  1:43  Assimilator  
  21  1:48  Probe  
  21  1:52  Pylon  
  22  2:00  Probe  
  23  2:01  Adept  
  23  2:12  Probe  
  26  2:15  Robotics Facility  
  26  2:20  Warp Gate  
  26  2:21  Stalker  
  26  2:25  Probe  
  27  2:34  Probe  
  30  2:37  Probe  
  30  2:42  Probe  
  31  2:49  Probe  
  33  2:52  Probe  
  34  3:01  Observer, Probe  
  34  3:04  Probe  
  37  3:09  Stalker  
  39  3:13  Probe  
  39  3:16  Probe  
  39  3:17  Observer, Gateway  
  41  3:23  Pylon  
  41  3:25  Probe  
  43  3:28  Probe  
  44  3:34  Gateway  
  44  3:37  Probe  
  44  3:39  Observer  
  46  3:42  Probe  
  46  3:45  Assimilator  
  47  3:49  Probe  
  47  3:50  Assimilator  
  47  3:54  Probe  
  49  4:01  Probe  
  50  4:06  Probe  
  49  4:13  Probe  
  50  4:18  Twilight Council, Probe  
  50  4:19  Pylon  
  50  4:21  Forge  
  50  4:24  Protoss Ground Armor Level 1  
  51  4:25  Pylon  
  51  4:26  Warp Prism, Probe  
  54  4:36  Nexus  
  54  4:39  Pylon  
  54  4:41  Probe  
  54  4:44  Probe  
  56  4:47  Charge  
  56  4:49  Stalker x2  
  60  4:54  Probe  
  61  5:00  Probe  
  61  5:06  Probe  
  63  5:07  Templar Archives  
  63  5:12  Probe  
  64  5:16  Pylon  
  64  5:18  Probe  
  64  5:20  Pylon, Sentry  
  67  5:24  Probe  
  67  5:27  Gateway  
  68  5:30  Probe  
  68  5:36  Probe  
  68  5:39  Zealot  
  68  5:40  Zealot  
  68  5:42  Probe  
  74  5:43  Immortal  
  74  5:45  Psionic Storm  
  74  5:48  Probe  
  75  5:54  Probe  
  80  5:57  High Templar  
  80  5:58  Probe  
  80  6:01  Probe  
  80  6:05  Assimilator  
  80  6:06  Probe x2  
  80  6:08  High Templar x2  
  80  6:10  Assimilator  
  86  6:13  Pylon, Probe  
  86  6:15  Probe  
  86  6:16  Protoss Ground Weapons Level 1  
  86  6:17  Gateway  
  88  6:18  Probe  
  88  6:23  Gateway  
  88  6:25  Probe  
  90  6:26  Gateway  
  90  6:28  Probe  
  90  6:30  Pylon, High Templar x2  
  95  6:34  Immortal  
  95  6:41  Pylon  
  99  6:49  Gateway, Blink  
  99  6:52  Gateway, Zealot  
  101  6:59  Pylon  
  101  7:03  Photon Cannon  
  101  7:06  Photon Cannon  
  99  7:10  High Templar  
  99  7:13  High Templar  
  99  7:14  Zealot  
  99  7:15  Zealot x2  
  109  7:16  Immortal  
  113  7:39  High Templar  
  113  7:40  High Templar  
  113  7:43  Gateway  
  113  7:44  Shield Battery, Archon  
  117  7:46  Nexus  
  117  7:49  Pylon  
  115  7:52  Pylon, Zealot x5  
  115  7:57  Immortal  
  129  8:03  Photon Cannon  
  129  8:10  High Templar x2  
  131  8:13  Zealot x2, Stalker  
  131  8:14  Zealot  
  131  8:19  Probe  
  140  8:20  Probe  
  140  8:23  Pylon  
  140  8:24  Protoss Ground Weapons Level 2  
  141  8:30  Probe  
  140  8:40  Probe  
  141  8:44  Robotics Bay  
  141  8:46  Robotics Facility  
  141  8:47  Probe  
  142  8:48  Immortal  
  142  8:49  Photon Cannon  
  140  9:08  Stalker x5  
  150  9:10  Observer  
  150  9:13  Assimilator  
  150  9:14  Probe  
  150  9:16  Assimilator, Stalker x2  
  155  9:18  Photon Cannon  
  155  9:20  Probe  
  156  9:29  Colossus  
  156  9:39  Colossus, Nexus  
  156  9:40  Pylon  
  156  9:43  Extended Thermal Lance  
  168  9:50  Zealot x4  
  174  10:02  Archon  
  174  10:03  Archon  
  174  10:04  Zealot x3  
  176  10:13  Colossus  
  142  10:15  Archon  
  142  10:17  Stalker x5  
  146  10:33  Immortal  
  148  10:40  Stalker x3  
  148  10:41  Stalker  
  148  10:42  Zealot, Stalker x2  
  158  10:47  Protoss Ground Armor Level 2  
  144  10:56  Zealot  
  144  10:57  Zealot x2  
  144  10:58  Colossus  
  144  11:03  Probe  
  151  11:11  Stalker  
  151  11:12  Stalker  
  154  11:18  Probe x2  
  154  11:19  Probe x3  
  154  11:21  High Templar  
  154  11:22  High Templar x2  
  165  11:30  Probe  
  165  11:31  Photon Cannon, Probe  
  167  11:33  Photon Cannon  
  165  11:41  Immortal  
  165  11:42  Pylon  
  165  11:43  Probe  
  165  11:46  Probe  
  171  11:55  Probe, Assimilator  
  171  11:56  Warp Prism  
  171  11:57  Assimilator  
  171  11:58  Probe  
  175  12:04  Archon  
  175  12:07  Probe  
  156  12:10  Probe  
  156  12:13  Stalker x3  
  156  12:14  Stalker  
  157  12:16  Zealot x6  
  163  12:24  Warp Prism  
  163  12:26  Colossus  
  171  12:50  Photon Cannon  
  171  12:51  High Templar x2  
  171  12:52  High Templar x3  
  171  12:53  High Templar  
  171  12:55  Archon  
  171  12:56  Archon  
  171  12:57  Zealot x3, Archon  
  190  13:06  Observer  
  190  13:10  Zealot  
  192  13:18  Zealot x3  
  192  13:33  Stalker x2  
  192  13:34  Stalker x3  
  170  13:38  Zealot x4  
  170  13:40  Archon  
  170  13:41  Zealot  
  170  14:00  Stalker x4  
  170  14:01  Stalker x5  
  170  14:02  Stalker  
Tags
 
Add a new tag
Caveats
  • Supply blocks, unpowered buildings, or Contaminate may cause inaccurate times.
  • Supply counts are checked every 10 seconds.